 Dungeon Crawl Stone Soup version 0.19.5 (webtiles) character file.

239676 Megalobster the Executioner (level 19, -18/181 HPs)
             Began as a Minotaur Berserker on Apr 15, 2017.
             Was a High Priest of Trog.
             Shot with an arrow by a deep elf master archer (22 damage)
             ... on level 3 of the Elven Halls on Apr 16, 2017.
             The game lasted 04:13:31 (42086 turns).

Megalobster the Executioner (Minotaur Berserker)   Turns: 42086, Time: 04:13:32

Health: -18/181    AC: 28    Str: 35    XL:     19   Next: 2%
Magic:  23/23      EV: 15    Int:  7    God:    Trog [*****.]
Gold:   351        SH:  0    Dex: 12    Spells: 0 memorised, 18 levels left

rFire  . . .     SeeInvis .     Y - +7 battleaxe (vamp)
rCold  . . .     Gourm    +     b - +6 plate armour {MR+}
rNeg   . . .     Faith    .     (shield currently unavailable)
rPois  +         Spirit   .     G - +2 hat {Int+3}
rElec  .         Reflect  .     S - +0 cloak
rCorr  .         Harm     .     O - +0 pair of gloves
MR     ++++.                    N - +2 pair of boots
Stlth  ..........               x - amulet of the gourmand
                                y - ring of protection from magic
                                C - ring of Ceiwkoff {+Fly rPois MR+ Str+7}

@: lethally poisoned (-18 -> -19), exhausted
A: retaliatory headbutt, horns 2, deformed body
a: Berserk, Trog's Hand, Brothers in Arms, Burn Spellbooks, Renounce Religion,
Evoke Flight
}: 1/15 runes: gossamer


You were on level 3 of the Elven Halls.
You worshipped Trog.
Trog was extremely pleased with you.
You were full.

You visited 5 branches of the dungeon, and saw 30 of its levels.
You also visited: Labyrinth and Ice Cave.

You collected 3134 gold pieces.
You spent 2783 gold pieces at shops.

Inventory:

Hand Weapons
 d - a +5 executioner's axe of flaming
 i - a +5 fustibalus of flaming
 j - a +3 longbow of flaming
 p - the cursed +0 hand axe of Sequestration {drain, *Rage MR+++ Str-5 Stlth+, unknown}
   (You bought it in a shop on level 3 of the Elven Halls)

   A truly terrible weapon, it drains the life of those it strikes.
   It affects your strength (-5).
   It affects your resistance to hostile enchantments.
   It may make you go berserk in combat.
   It makes you more stealthy.
   It has a curse placed upon it.
 q - the +11 broad axe "Keagheyj" {venom, rPois rF+ Str-2 Int+4}
   (Trog gifted it to you on level 2 of the Elven Halls)

   It poisons the flesh of those it strikes.
   It affects your strength (-2).
   It affects your intelligence (+4).
   It protects you from fire.
   It protects you from poison.
 u - a +1 executioner's axe of flaming
 W - a +9 battleaxe of chopping
 Y - a +7 vampiric battleaxe (weapon)
Missiles
 z - 8 javelins of returning (quivered)
 A - 21 tomahawks
 K - 2 steel javelins
 X - 2 poisoned javelins
 Z - 14 tomahawks of returning
Armour
 b - a +6 plate armour of magic resistance (worn)
 r - a +0 shield
 G - a +2 hat of intelligence (worn)
 N - a +2 pair of boots (worn)
 O - a +0 pair of gloves (worn)
 S - a +0 cloak (worn)
 U - the +0 plate armour of Oficheel {rPois Int+7}
   (You found it in a labyrinth)

   It affects your intelligence (+7).
   It protects you from poison.
Jewellery
 h - a +2 ring of protection
 w - an uncursed ring of flight
 x - an amulet of the gourmand (around neck)
 y - a ring of protection from magic (right hand)
 C - the ring of Ceiwkoff (left hand) {+Fly rPois MR+ Str+7}
   (You bought it in a shop on level 3 of the Elven Halls)

   [ring of flight]

   It affects your strength (+7).
   It protects you from poison.
   It affects your resistance to hostile enchantments.
   It lets you fly.
 Q - a +3 amulet of reflection
 R - an uncursed amulet of regeneration
Wands
 J - a wand of teleportation (1/9)
Scrolls
 l - 2 scrolls of remove curse
 m - 3 scrolls of blinking
 n - 4 scrolls of fog
 o - a scroll of recharging
 v - 3 scrolls of fear
Potions
 a - 2 potions of mutation
 e - 7 potions of haste
 f - a potion of resistance
 t - 2 potions of agility
 B - 9 potions of curing
 D - a potion of cure mutation
 E - 6 potions of might
 T - 5 potions of ambrosia
Comestibles
 c - 6 bread rations
 P - 5 beef jerkies


   Skills:
 * Level 18.8 Fighting
 + Level 21.9 Axes
 - Level 2.9 Bows
 + Level 9.3 Throwing
 + Level 17.2 Armour
 + Level 12.2 Dodging
 - Level 9.2 Stealth
 + Level 7.2 Evocations


You had 18 spell levels left.
You didn't know any spells.

Dungeon Overview and Level Annotations

Branches:
Dungeon (15/15)            Temple (0/1) D:7            Lair (6/6) D:11
  Swamp (0/4) Lair:4       Spider (4/4) Lair:4        Slime (0/5) Lair:5
    Orc (2/2) D:9             Elf (3/3) Orc:2        Vaults (0/5) D:14
 Depths (0/5) D:15

Altars:
Ashenzari
Cheibriados
Elyvilon
Hepliaklqana
Makhleb
Okawaru
Qazlal
Trog
Uskayaw
Vehumet
Xom
Zin
Beogh

Shops:
D:5 (   D:8 %   D:14 :[*   Orc:2 (}*!   Elf:3 [%=(*

Portals:
Pandemonium: Orc:2


Innate Abilities, Weirdness & Mutations

You reflexively headbutt those who attack you in melee.
You have a pair of horns on your head.
Armour fits poorly on your strangely shaped body.


Message History

* * * LOW HITPOINT WARNING * * *
The deep elf high priest is healed.
The deep elf annihilator gestures wildly while chanting.
The deep elf annihilator blinks!
The deep elf master archer shoots an arrow.
The arrow hits you but does no damage.
The deep elf high priest completely misses you.
You furiously retaliate!
You headbutt the deep elf high priest!!
As you read the scroll of fear, it crumbles to dust.
You assume a fearsome visage.
The deep elf annihilator easily resists.
The deep elf high priest looks frightened!
The deep elf master archer easily resists.
The deep elf high priest looks frightened!
The deep elf annihilator looks frightened!
The deep elf high priest resists with almost no effort.
The water elemental is unaffected.
The deep elf master archer shoots an arrow.
The arrow hits you!!
You die...

.# '##
##....[..
..##
##..e.....
...##
##..ee.....
....#
##...ee.ยง...
....#
##.ee#e.....)
....#
#...###e.e...
...##
#.e.#..e#
..## #e@(E(#
### ##..(##
##e## ## ###
.+ ##


You could see 2 deep elf master archers, 5 deep elf annihilators, 2 deep elf
sorcerers, 5 deep elf high priests and a water elemental.

Vanquished Creatures
  Asterion (Spider:3)
  Gastronok (Lair:2)
  Kirke (D:13)
  Donald (Elf:1)
  3 deep elf sorcerers
  A frost giant (IceCv)
  4 ghost moths (Spider:4)
  Aizul (Elf:2)
  8 emperor scorpions
  Louise (Elf:1)
  2 deep elf elementalists (Elf:1)
  4 entropy weavers
  3 deep elf annihilators
  3 deep elf death magi
  An ettin (Orc:1)
  Snorg (Orc:1)
  A deep elf high priest (Elf:1)
  A minotaur (Lab)
  A fire dragon (D:14)
  9 hydras
  4 centaur warriors
  2 tengu warriors
  5 death yaks
  Urug (D:14)
  24 dancing weapons
  7 orc high priests (Orc:2)
  22 deep elf knights
  Sonja (Lair:4)
  3 skeletal warriors
  An unseen horror (D:12)
  A flayed ghost (D:15)
  An infernal demonspawn (Orc:2)
  14 deep elf archers
  A gelid demonspawn (Orc:2)
  A glowing orange brain (D:13)
  6 lindwurms
  9 hill giants
  8 wolf spider zombies (Spider:2)
  14 orb spiders
  2 necromancers
  8 orc knights
  A sphinx skeleton (D:15)
  3 cyclopes
  3 ugly things
  5 orc sorcerers (Orc:2)
  3 manticores
  51 deep elf magi
  33 wolf spiders
  A moth of wrath (Spider:2)
  A spriggan zombie (D:15)
  7 black mambas
  A fire giant skeleton (D:15)
  An ice statue (IceCv)
  Psyche (D:10)
  6 spiny frogs
  3 gargoyles
  4 rime drakes
  2 kobold demonologists
  2 freezing wraiths
  A hellwing (Orc:2)
  10 yaktaurs
  18 demonic crawlers
  8 komodo dragons
  2 meliai
  3 tengu conjurers
  10 redback zombies
  20 polar bears
  A red devil (Orc:2)
  7 trolls
  8 hornets
  A two-headed ogre (D:8)
  33 jumping spiders
  A minotaur skeleton (Lab)
  3 slime creatures (D:13)
  5 dream sheep (Lair:5)
  7 blink frogs (Lair:1)
  10 hippogriffs
  11 tarantella zombies (Spider:2)
  Sigmund (D:6)
  8 wyverns
  30 tarantellas
  3 air elementals
  A wraith (D:12)
  A ynoxinul (Orc:2)
  93 redbacks
  11 spriggans (Lair:6)
  2 water elementals (Elf:3)
  2 shadows
  The ghost of Megalobster the Skirmisher, an amateur MiBe of Trog (D:3)
  5 hogs (D:13)
  6 fire elementals
  58 yaks
  A basilisk (D:14)
  4 hungry ghosts
  9 vampire mosquitoes
  2 mottled dragons (D:13)
  A steam dragon (Lair:5)
  An elf skeleton (D:15)
  5 wargs (Orc:2)
  3 soldier ants
  A floating eye (D:13)
  A floating eye (shapeshifter) (Elf:1)
  Duvessa (D:6)
  20 water moccasins
  3 small abominations (D:13)
  41 orc warriors
  A swamp drake (D:9)
  8 porcupines
  5 ice beasts
  A meliai simulacrum (D:15)
  5 sky beasts
  4 phantoms
  5 black bears
  32 wolves
  11 ogres
  4 boggarts (Lair:6)
  23 centaurs
  14 crocodiles
  8 big kobolds
  13 bullfrogs
  An earth elemental (Elf:3)
  Dowan (D:6)
  2 wyvern skeletons
  3 scorpions
  6 killer bees
  22 wights
  A troll skeleton (Lab)
  A howler monkey (D:8)
  2 electric eels
  8 crimson imps
  4 hounds
  5 centaur zombies
  31 orc priests
  2 bullfrog skeletons
  A gnoll shaman (D:5)
  6 jellies
  6 centaur skeletons
  29 orc wizards
  Terence (D:3)
  Ijyb (D:2)
  5 iguanas
  12 worker ants
  2 hound skeletons
  A worker ant zombie (D:10)
  4 gnolls (D:5)
  A river rat (D:11)
  14 adders
  A shadow imp (D:11)
  12 white imps (D:12)
  5 oozes
  4 worms
  2 dart slugs
  5 leopard geckos
  97 orcs
  17 bats
  5 giant cockroaches
  12 goblins
  5 hobgoblins
  5 jackals (D:1)
  3 quokkas
  6 frilled lizards
  A jackal zombie (D:5)
  20 kobolds
  A quokka skeleton (D:5)
  A quokka zombie (D:8)
  6 rats
  8 fungi
  15 plants
1322 creatures vanquished.

Vanquished Creatures (collateral kills)
  A deep elf blademaster (Elf:2)
  A hydra (Lair:2)
  2 dancing weapons (Elf:2)
  3 deep elf knights (Elf:2)
  4 deep elf magi (Elf:2)
  3 wolf spiders
  A demonic crawler (Spider:4)
  5 jumping spiders (Spider:4)
  10 redbacks
  A yak (Lair:1)
  A fire elemental (Elf:2)
  A water moccasin (Lair:4)
33 creatures vanquished.

Vanquished Creatures (others)
  2 jumping spiders
  A redback (Spider:4)
  A wolf (IceCv)
  12 fungi
  4 plants
20 creatures vanquished.

Grand Total: 1375 creatures vanquished

Notes
Turn   | Place    | Note
-------+----------+-------------------------------------------
     0 | D:1      | Megalobster the Minotaur Berserker began the quest for the Orb.
     0 | D:1      | Reached XP level 1. HP: 19/19 MP: 0/0
   134 | D:1      | Reached skill level 4 in Axes
   164 | D:1      | Reached XP level 2. HP: 6/27 MP: 1/1
  1089 | D:1      | Reached ** piety under Trog
  1140 | D:1      | Reached XP level 3. HP: 31/33 MP: 2/2
  1436 | D:2      | Found a bloodstained altar of Trog.
  1626 | D:2      | Noticed Ijyb
  1632 | D:2      | Killed Ijyb
  1632 | D:2      | Reached skill level 5 in Axes
  1632 | D:2      | Reached XP level 4. HP: 41/41 MP: 3/3
  1713 | D:3      | Noticed Terence
  2120 | D:2      | Found an iron altar of Okawaru.
  2152 | D:2      | Found a burning altar of Makhleb.
  2404 | D:3      | Reached skill level 5 in Fighting
  2428 | D:3      | Reached XP level 5. HP: 48/48 MP: 4/4
  2583 | D:3      | Reached skill level 6 in Axes
  2591 | D:3      | Killed Terence
  2783 | D:3      | Noticed Megalobster's ghost (amateur MiBe)
  2792 | D:3      | Killed Megalobster's ghost
  2792 | D:3      | Reached skill level 7 in Axes
  2792 | D:3      | Reached XP level 6. HP: 57/57 MP: 5/5
  2999 | D:3      | Reached *** piety under Trog
  3414 | D:4      | Found a stormy altar of Qazlal.
  3479 | D:4      | Reached skill level 8 in Axes
  3479 | D:4      | Reached XP level 7. HP: 52/63 MP: 6/6
  3697 | D:4      | Gained mutation: Your magical capacity is low. (-10% MP) [mutagenic meat]
  3703 | D:4      | Reached skill level 9 in Axes
  4462 | D:5      | Entered Level 5 of the Dungeon
  5000 | D:5      | Reached XP level 8. HP: 73/73 MP: 6/6
  5040 | D:5      | Found Kuuqyv's Weapon Shoppe.
  5058 | D:5      | Reached skill level 10 in Axes
  5465 | D:5      | Reached **** piety under Trog
  5545 | D:6      | Noticed Sigmund
  5551 | D:6      | Killed Sigmund
  5665 | D:6      | Found a white marble altar of Elyvilon.
  5759 | D:6      | Noticed Dowan
  5761 | D:6      | Noticed Duvessa
  5768 | D:6      | Killed Duvessa
  5768 | D:6      | Reached skill level 11 in Axes
  5776 | D:6      | Killed Dowan
  5934 | D:6      | Found a hide-covered altar of Uskayaw.
  5937 | D:6      | Noticed a hand axe
  5937 | D:6      | Noticed a hand axe
  6445 | D:6      | Found a snail-covered altar of Cheibriados.
  6445 | D:6      | Found a faded altar of an unknown god.
  6450 | D:6      | Found a faded altar of an unknown god.
  6452 | D:6      | Found a faded altar of an unknown god.
  6453 | D:6      | Found a faded altar of an unknown god.
  6688 | D:7      | Found a shimmering altar of Xom.
  6722 | D:7      | Reached XP level 9. HP: 82/82 MP: 7/7
  6832 | D:7      | Found a staircase to the Ecumenical Temple.
  7217 | D:7      | Reached skill level 12 in Axes
  7291 | D:7      | Reached skill level 5 in Armour
  7756 | D:8      | Found a radiant altar of Vehumet.
  7774 | D:8      | Gained mutation: You are resistant to hostile enchantments. (MR+) [mutagenic meat]
  7826 | D:8      | Reached skill level 13 in Axes
  7902 | D:8      | Found a shimmering altar of Xom.
  8066 | D:8      | Reached ***** piety under Trog
  8133 | D:8      | Reached XP level 10. HP: 81/93 MP: 8/8
  8142 | D:8      | Reached skill level 10 in Fighting
  8269 | D:8      | Found Pissoras's Food Boutique.
  9392 | D:9      | Got a slimy animal skin
  9526 | D:9      | Found a staircase to the Orcish Mines.
  9573 | D:9      | Identified the +0 animal skin of the Dungeon {Stlth+} (You took it off an orc on level 9 of the Dungeon)
  9639 | D:9      | Found a shattered altar of Ashenzari.
  9722 | D:9      | Reached skill level 14 in Axes
  9756 | D:9      | Received a gift from Trog
 10280 | D:10     | Entered Level 10 of the Dungeon
 10466 | D:10     | Lost mutation: Your magical capacity is low. (-10% MP) [potion of cure mutation]
 10466 | D:10     | Lost mutation: You are resistant to hostile enchantments. (MR+) [potion of cure mutation]
 10687 | D:10     | Noticed Psyche
 10693 | D:10     | Killed Psyche
 10706 | D:10     | Noticed a deep elf mage
 10710 | D:10     | Killed a deep elf mage
 10710 | D:10     | Reached XP level 11. HP: 99/102 MP: 10/10
 10749 | D:10     | Got an iridescent hand axe
 10853 | D:10     | Lost intelligence.
 10853 | D:10     | Identified the cursed +0 hand axe of a wizard's laboratory {vamp, *Noise rPois Int-5 Dex+9} (You found it on level 10 of the Dungeon)
 11077 | D:10     | Noticed a hill giant
 11083 | D:10     | Killed a hill giant
 11083 | D:10     | Reached skill level 15 in Axes
 11192 | D:10     | Noticed a hill giant
 11198 | D:10     | Killed a hill giant
 11431 | D:11     | Found a glowing silver altar of Zin.
 11519 | D:11     | Found a staircase to the Lair.
 12043 | D:11     | Noticed a hill giant
 12049 | D:11     | Killed a hill giant
 12639 | Lair:1   | Entered Level 1 of the Lair of Beasts
 12692 | Lair:1   | Reached skill level 16 in Axes
 12933 | Lair:1   | Reached skill level 10 in Armour
 13552 | Lair:2   | Reached XP level 12. HP: 101/112 MP: 11/11
 14033 | Lair:2   | Reached skill level 17 in Axes
 14040 | Lair:2   | Noticed a four-headed hydra
 14046 | Lair:2   | Killed a six-headed hydra
 14059 | Lair:2   | Noticed Gastronok
 14066 | Lair:2   | Killed Gastronok
 14355 | Lair:3   | Received a gift from Trog
 14559 | Lair:3   | Noticed a four-headed hydra
 14572 | Lair:3   | Killed a ten-headed hydra
 14869 | Lair:3   | Noticed a death yak
 14869 | Lair:3   | Noticed a death yak
 14870 | Lair:3   | Noticed a death yak
 14870 | Lair:3   | Noticed a death yak
 14876 | Lair:3   | Killed a death yak
 14877 | Lair:3   | Killed a death yak
 14878 | Lair:3   | Killed a death yak
 14884 | Lair:3   | Killed a death yak
 14884 | Lair:3   | Reached skill level 18 in Axes
 15813 | Lair:1   | Noticed a four-headed hydra
 15842 | Lair:1   | Killed a six-headed hydra
 16160 | Lair:4   | Noticed a four-headed hydra
 16165 | Lair:4   | Killed a six-headed hydra
 16165 | Lair:4   | Reached XP level 13. HP: 122/122 MP: 12/12
 16553 | Lair:4   | Found a staircase to the Swamp.
 16651 | Lair:4   | Noticed Sonja
 16759 | Lair:4   | Killed Sonja
 16777 | Lair:4   | Found a hole to the Spider Nest.
 16810 | Lair:4   | Found a hazy altar of Hepliaklqana.
 17622 | Lair:5   | Found a staircase to the Slime Pits.
 17673 | Lair:5   | Reached skill level 19 in Axes
 17841 | Lair:6   | Entered Level 6 of the Lair of Beasts
 17853 | Lair:6   | Found a labyrinth entrance.
 17864 | Lab      | Entered a labyrinth
 17938 | Lab      | Noticed a minotaur
 17942 | Lab      | Killed a minotaur
 17964 | Lab      | Got a warped morningstar
 17964 | Lab      | Got a fine plate armour
 17966 | Lab      | Identified the +8 morningstar "Dutogum" {freeze, *Drain rC++ rN+++} (You found it in a labyrinth)
 17977 | Lab      | Identified the cursed +0 plate armour of Oficheel {rPois Int+7} (You found it in a labyrinth)
 18641 | Lair:6   | Reached XP level 14. HP: 133/133 MP: 13/13
 18877 | Lair:6   | Received a gift from Trog
 19189 | Lair:6   | Reached skill level 5 in Dodging
 19858 | D:12     | Reached skill level 1 in Stealth
 19863 | D:12     | Found a shattered altar of Ashenzari.
 19962 | D:12     | Found a frozen archway.
 20001 | IceCv    | Entered an ice cave
 20514 | IceCv    | Noticed a frost giant
 20527 | IceCv    | Killed a frost giant
 20536 | IceCv    | Reached skill level 20 in Axes
 20867 | Orc:1    | Entered Level 1 of the Orcish Mines
 20867 | Orc:1    | Noticed Snorg
 20877 | Orc:1    | Killed Snorg
 20877 | Orc:1    | Reached skill level 15 in Fighting
 21096 | Orc:2    | Entered Level 2 of the Orcish Mines
 21389 | Orc:1    | Reached skill level 1 in Throwing
 22029 | Orc:2    | Found a staircase to the Elven Halls.
 22046 | Orc:2    | Received a gift from Trog
 22362 | Orc:1    | Found a burning altar of Makhleb.
 22577 | Orc:2    | Found Mozeg's Distillery.
 22668 | Orc:2    | Found Opixta's General Store.
 22951 | Orc:2    | Reached XP level 15. HP: 139/141 MP: 14/14
 23343 | Orc:2    | Found Kuiji's Antique Weapon Shoppe.
 23343 | Orc:2    | Found a one-way gate leading to the halls of Pandemonium.
 23343 | Orc:2    | Found Gonkoch's Gadget Emporium.
 23366 | Orc:2    | Bought a wand of teleportation (1/9) for 225 gold pieces
 23368 | Orc:2    | Bought a runed broad axe for 360 gold pieces
 23553 | Elf:1    | Entered Level 1 of the Elven Halls
 23575 | Elf:1    | Reached ****** piety under Trog
 23679 | Elf:1    | Received a gift from Trog
 23695 | Elf:1    | Noticed Donald
 23695 | Elf:1    | Noticed Louise
 23707 | Elf:1    | Killed Donald
 23707 | Elf:1    | Reached skill level 1 in Evocations
 23735 | Elf:1    | Killed Louise
 24462 | Elf:1    | Reached skill level 5 in Stealth
 24978 | Elf:1    | Reached skill level 15 in Armour
 25222 | Elf:1    | Reached skill level 5 in Throwing
 26040 | Elf:2    | Noticed a deep elf sorcerer
 26128 | Elf:2    | Received a gift from Trog
 26165 | Elf:2    | Killed a deep elf sorcerer
 26165 | Elf:2    | Reached XP level 16. HP: 107/151 MP: 5/17
 27486 | D:13     | Reached skill level 1 in Bows
 27806 | D:13     | Received a gift from Trog
 27854 | D:13     | Noticed Kirke
 27871 | D:13     | Killed Kirke
 29060 | D:14     | Found Noxuzetu's Book Shop.
 29066 | D:14     | Found Qoodul's Armour Boutique.
 29098 | D:14     | Noticed Urug
 29108 | D:14     | Killed Urug
 29336 | D:14     | Paralysed by a hornet for 2 turns
 29347 | D:14     | Found Nivo's Assorted Antiques.
 29379 | D:14     | Bought a scroll of brand weapon for 380 gold pieces
 29379 | D:14     | Bought a scroll of enchant weapon for 142 gold pieces
 29865 | D:14     | Reached skill level 21 in Axes
 29867 | D:14     | Received a gift from Trog
 29867 | D:14     | Reached skill level 10 in Dodging
 30139 | D:14     | Found a gate to the Vaults.
 30239 | D:15     | Entered Level 15 of the Dungeon
 30670 | D:15     | Found a staircase to the Depths.
 31232 | D:15     | Got a faintly glowing robe
 31711 | Spider:1 | Entered Level 1 of the Spider Nest
 31784 | Spider:1 | Reached XP level 17. HP: 157/160 MP: 19/19
 31822 | Spider:1 | Received a gift from Trog
 32522 | Spider:1 | Found a roughly hewn altar of Beogh.
 32532 | Spider:1 | Got an ancient leather armour
 32763 | Spider:1 | Got an iridescent flail
 33525 | Spider:2 | Received a gift from Trog
 33533 | Spider:2 | Reached skill level 5 in Evocations
 33969 | Spider:2 | Received a gift from Trog
 34163 | Spider:2 | Received a gift from Trog
 35532 | Spider:2 | Received a gift from Trog
 35794 | Spider:3 | Noticed Asterion
 35805 | Spider:3 | Gained mutation: Armour fits poorly on your strangely shaped body. [a cacodemon]
 35809 | Spider:3 | Killed Asterion
 36209 | Spider:4 | Entered Level 4 of the Spider Nest
 36258 | Spider:4 | Reached XP level 18. HP: 171/171 MP: 21/21
 37104 | Spider:4 | Received a gift from Trog
 37682 | Spider:4 | Got a gossamer rune of Zot
 38127 | D:11     | Identified the cursed +1 flail of the King {crush, Fragile +Blink rElec SInv} (You found it on level 1 of the Spider Nest)
 38148 | D:11     | Identified the +1 leather armour of Warar {rN+} (You found it on level 1 of the Spider Nest)
 38167 | D:11     | Identified the cursed +1 robe of the Crown {rPois Dex+2} (You found it on level 15 of the Dungeon)
 39018 | Orc:2    | Bought a scroll of enchant armour for 135 gold pieces
 39021 | Orc:2    | Bought a potion of curing for 42 gold pieces
 39021 | Orc:2    | Bought a potion of haste for 140 gold pieces
 39021 | Orc:2    | Bought a potion of curing for 42 gold pieces
 39021 | Orc:2    | Bought a potion of might for 56 gold pieces
 39021 | Orc:2    | Bought a potion of might for 56 gold pieces
 39021 | Orc:2    | Bought a potion of haste for 140 gold pieces
 39109 | Orc:2    | Received a gift from Trog
 39684 | Elf:2    | Found a runed gate.
 39684 | Elf:2    | Found a runed gate.
 39684 | Elf:2    | Found a runed gate.
 39840 | Elf:2    | Received a gift from Trog
 39847 | Elf:2    | Got a dazzling broad axe {god gift}
 39904 | Elf:2    | Identified the +11 broad axe "Keagheyj" {venom, rPois rF+ Str-2 Int+4} (Trog gifted it to you on level 2 of the Elven Halls)
 40170 | Elf:2    | Noticed Aizul
 40190 | Elf:2    | Killed Aizul
 41111 | Elf:3    | Entered Level 3 of the Elven Halls
 41586 | Elf:3    | Received a gift from Trog
 41600 | Elf:3    | Found Gamanir's Jewellery Shoppe.
 41649 | Elf:3    | Found Iclovver's Assorted Antiques.
 41649 | Elf:3    | Found Xoamitate's Food Shoppe.
 41652 | Elf:3    | Found Qisuz's Antique Weapon Emporium.
 41659 | Elf:3    | Found Dyolit's Armour Shop.
 41677 | Elf:3    | Bought the ring of Ceiwkoff {+Fly rPois MR+ Str+7} for 833 gold pieces
 41687 | Elf:3    | Bought a transparent hand axe for 232 gold pieces
 42075 | Elf:3    | Reached XP level 19. HP: 134/181 MP: 23/23
 42080 | Elf:3    | Received a gift from Trog
 42085 | Elf:3    | HP: 4/181 [deep elf high priest/a malign offering (16)]
 42086 | Elf:3    | Shot with an arrow by a deep elf master archer

Skill      XL: |  1  2  3  4  5  6  7  8  9 10 11 12 13 14 15 16 17 18 |
---------------+-------------------------------------------------------+-----
Axes           | 4 5 7 8 9 11 13 14 16 18 19 20 21 | 21.9
Fighting       | 4 5 6 7 8 9 11 12 13 14 15 16 17 18 | 18.8
Armour         | 4 6 8 10 12 13 14 15 16 17 | 17.2
Dodging        | 4 7 9 10 11 12 | 12.2
Stealth        | 4 5 7 8 9 |  9.2
Throwing       | 2 5 6 7 9 |  9.3
Evocations     | 2 4 5 7 |  7.2
Bows           | 2 |  2.9

Action                   |  1- 3 |  4- 6 |  7- 9 | 10-12 | 13-15 | 16-18 | 19-21 || total
-------------------------+-------+-------+-------+-------+-------+-------+-------++-------
Melee: Hand axe          |    75 |    93 |   138 |       |       |       |       ||   306
       Headbutt          |     9 |    20 |    71 |    89 |   163 |   331 |     1 ||   684
       War axe           |       |       |     5 |       |       |       |       ||     5
       Battleaxe         |       |       |    97 |   401 |   728 |  1155 |     4 ||  2385
       Executioner's axe |       |       |       |       |   216 |   174 |       ||   390
Throw: Stone             |       |       |       |     7 |     3 |       |       ||    10
       Tomahawk          |       |       |       |       |     7 |   112 |       ||   119
       Javelin           |       |       |       |       |       |    22 |       ||    22
Invok: Berserk           |     3 |     2 |     5 |    18 |    25 |    41 |       ||    94
       Trog's Hand       |       |     1 |     1 |     8 |    19 |    16 |       ||    45
       Burn Spellbooks   |       |       |     1 |       |     3 |     6 |       ||    10
       Brothers in Arms  |       |       |       |     4 |     2 |     8 |       ||    14
 Abil: Evoke Flight      |       |       |       |       |       |     3 |       ||     3
  Use: Scroll            |       |       |     7 |    20 |     8 |    20 |     3 ||    58
       Potion            |       |       |       |     4 |     3 |     8 |     3 ||    18
 Stab: Confused          |       |       |       |     1 |       |       |       ||     1
       Distracted        |       |       |       |       |     1 |       |       ||     1
  Eat: Chunk             |     2 |     7 |    28 |    42 |    73 |   118 |       ||   270
       Beef jerky        |     1 |     1 |       |       |     2 |     2 |       ||     6
       Pizza             |       |     1 |       |     1 |       |     1 |       ||     3
       Fruit             |       |       |     2 |       |       |       |       ||     2
       Bread ration      |       |       |       |     1 |       |     4 |       ||     5
       Royal jelly       |       |       |       |       |     1 |     1 |       ||     2
       Meat ration       |       |       |       |       |       |     1 |       ||     1
Armor: Animal skin       |    13 |     2 |       |       |       |       |       ||    15
       Leather armour    |       |    15 |    31 |       |       |       |       ||    46
       Plate armour      |       |       |    46 |   263 |   512 |  1136 |    12 ||  1969
       Ring mail         |       |       |       |       |     1 |       |       ||     1
Dodge: Dodged            |    57 |    64 |   103 |   180 |   352 |   884 |     9 ||  1649
Block: Other             |       |       |       |     2 |    15 |     3 |       ||    20
       Reflection        |       |       |       |       |     1 |     1 |       ||     2
